AoeStats
← Blaskeer

Black Forest

509528837Analyzed
4v4 RM · 4d ago on Sep 27, 2026· 96m 11s· 8 players
Game mode
Random Map
Map size
Large (8 player)
Population
200
Speed
Normal
Resources
Standard
Victory
Conquest
Starting age
Dark Age
Ending age
Imperial Age
RankedLock teamsTeams togetherTeam positionsShared explorationLock speedFull tech treeHidden civsTurbo modeCheats
Victory
Defeat
🇲🇽 Lithuanians · Mexico
643
+16
🇩🇪 Britons · Germany
552
+20
🇲🇽 Persians · Mexico
539
+21
🇺🇸 Maya · United States
476
+24
🇨🇱 Mongols · Chile
691
-22
🇨🇱 Chinese · Chile
639
-20
🇨🇱 Slavs · Chile
629
-20
🇨🇱 Italians · Chile
608
-19
Golden Boy
12:24 Feudal Age
13:22 Fishing Lines
15:18 Double-Bit Axe
20:48 Wheelbarrow
24:16 Castle Age
23:35 Gold Mining
23:29 Horse Collar
24:01 Town Watch
25:29 Gillnets
26:52 Hand Cart
27:05 Stone Mining
28:32 Town Patrol
31:41 Stone Shaft Mining
31:34 Bow Saw
31:58 Caravan
32:19 Heavy Plow
33:44 Bloodlines
33:34 Husbandry
33:47 Forging
33:37 Scale Mail Armor
33:42 Scale Barding Armor
33:41 Loom
37:45 Imperial Age
37:52 Imperial Age
36:08 Iron Casting
36:00 Chain Mail Armor
36:23 Chain Barding Armor
37:57 Elite Leitis
39:02 Conscription
38:27 Onager
40:46 Plate Barding Armor
41:07 Atonement
41:24 Fervor
45:13 Two-Man Saw
44:52 Ballistics
46:16 Chemistry
salama20
0:30 Loom
13:06 Feudal Age
13:56 Double-Bit Axe
14:51 Horse Collar
15:30 Arson
20:41 Gold Mining
21:51 Forging
21:42 Scale Mail Armor
22:56 Town Watch
24:31 Wheelbarrow
24:48 Stone Mining
33:22 Castle Age
34:41 Chain Mail Armor
35:03 Iron Casting
35:08 Hand Cart
37:33 Fletching
37:44 Padded Archer Armor
38:04 Heavy Plow
38:19 Bow Saw
38:08 Eagle Warrior
38:49 Squires
39:57 Coinage
44:23 Imperial Age
42:43 Stone Shaft Mining
42:00 Treadmill Crane
43:08 Thumb Ring
43:49 Elite Skirmisher
45:34 Town Patrol
47:58 Chemistry
46:49 Elite Eagle Warrior
50:12 Holcans
51:33 Two-Man Saw
51:33 Hul'che Javelineers
58:15 Plate Mail Armor
58:46 Blast Furnace
58:52 Chemistry
59:33 Caravan
62:29 Banking
66:06 Ballistics
65:38 Heated Shot
65:59 Masonry
65:47 Bodkin Arrow
66:08 Leather Archer Armor
73:31 Guilds
74:49 Bracer
75:19 Ring Archer Armor
75:23 Architecture
75:04 Fortified Wall
74:50 Murder Holes
74:20 Elite Plumed Archer
90:45 Guard Tower
Heistergand
0:31 Loom
14:15 Feudal Age
16:52 Fletching
17:02 Padded Archer Armor
17:46 Wheelbarrow
17:03 Town Watch
17:55 Wheelbarrow
17:32 Double-Bit Axe
17:30 Horse Collar
19:45 Padded Archer Armor
22:41 Gold Mining
22:42 Stone Mining
23:54 Forging
23:45 Scale Mail Armor
26:17 Castle Age
27:35 Bodkin Arrow
30:50 Guard Tower
30:29 Crossbowman
32:52 Bow Saw
37:11 Gold Shaft Mining
36:39 Caravan
37:01 Hand Cart
37:33 Ballistics
42:32 Imperial Age
40:48 Fervor
40:59 Sanctity
41:18 Iron Casting
40:59 Leather Archer Armor
42:16 Town Patrol
42:36 Chain Mail Armor
42:26 Scale Barding Armor
41:52 Elite Skirmisher
45:17 Arbalester
46:06 Bracer
46:37 Ring Archer Armor
47:08 Blast Furnace
46:39 Plate Mail Armor
46:29 Chain Barding Armor
47:09 Squires
46:29 Pikeman
47:41 Conscription
47:40 Masonry
47:12 Treadmill Crane
47:31 Murder Holes
47:55 Masonry
48:54 Chemistry
50:09 Yeomen
50:27 Hoardings
51:43 Chain Barding Armor
54:19 Elite Longbowman
55:02 Warwolf
54:29 Elite Longbowman
55:09 Warwolf
56:07 Plate Barding Armor
59:35 Siege Engineers
59:27 Murder Holes
59:43 Masonry
59:19 Arrowslits
60:10 Keep
59:46 Fortified Wall
70:51 Halberdier
74:43 Cranequins
74:43 Heavy Mounted Crossbowman
77:19 Arson
83:24 Heavy Scorpion
83:26 Capped Ram
95:04 Spies/Treason
tonyhernandezjimenez8
13:57 Feudal Age
15:44 Wheelbarrow
15:09 Double-Bit Axe
16:03 Man-at-Arms
19:11 Fishing Lines
28:57 Castle Age
33:08 Hand Cart
33:43 Horse Collar
34:49 Gold Mining
34:52 Stone Mining
36:20 Gold Shaft Mining
36:23 Stone Shaft Mining
39:09 Heavy Plow
41:50 Imperial Age
41:45 Bow Saw
42:16 Elite War Elephant
43:10 Gillnets
46:57 Caravan
47:28 Coinage
48:03 Forging
48:07 Scale Barding Armor
48:03 Scale Mail Armor
51:21 Two-Man Saw
54:50 Chain Barding Armor
55:06 Iron Casting
54:31 Murder Holes
54:47 Masonry
55:38 Chemistry
79:39 Plate Barding Armor
79:20 Chain Mail Armor
97:13 Banking
96:54 Guilds
Matx108
9:29 Loom
12:14 Feudal Age
12:59 Man-at-Arms
18:37 Horse Collar
18:46 Double-Bit Axe
26:47 Castle Age
25:15 Gold Mining
25:20 Stone Mining
26:15 Bloodlines
28:32 Light Cavalry
31:33 Heavy Plow
31:45 Bow Saw
33:40 Husbandry
34:30 Guard Tower
38:53 Detinets
39:23 Murder Holes
40:20 Scale Barding Armor
44:41 Imperial Age
43:30 Chain Barding Armor
44:01 Forging
44:38 Wheelbarrow
44:55 Elite Boyar
46:17 Plate Barding Armor
46:18 Iron Casting
50:20 Hand Cart
53:25 Blast Furnace
62:25 Pikeman
63:35 Squires
63:01 Halberdier
64:58 Gold Shaft Mining
67:55 Scale Mail Armor
70:12 Conscription
74:45 Chain Mail Armor
76:34 Druzhina
82:52 Plate Mail Armor
Blaskeer
13:45 Feudal Age
14:06 Horse Collar
14:41 Double-Bit Axe
15:36 Wheelbarrow
22:13 Gold Mining
22:15 Stone Mining
25:33 Castle Age
26:02 Man-at-Arms
27:00 Long Swordsman
30:15 Arson
30:31 Squires
33:32 Wheelbarrow
34:00 Heavy Plow
34:47 Bow Saw
35:36 Hand Cart
36:21 Gold Shaft Mining
36:28 Stone Shaft Mining
39:03 Caravan
39:22 Fortified Wall
39:34 Ballistics
39:27 Masonry
39:02 Crossbowman
40:17 Guard Tower
40:52 Ballistics
40:41 Padded Archer Armor
40:32 Fletching
41:52 Murder Holes
42:18 Leather Archer Armor
41:58 Bodkin Arrow
45:23 Imperial Age
43:32 Thumb Ring
47:06 Two-Man Saw
47:34 Ring Archer Armor
47:04 Bracer
47:30 Conscription
48:37 Architecture
49:08 Chemistry
51:18 Bombard Tower
50:44 Arrowslits
51:26 Elite Chu Ko Nu
54:28 Town Watch
54:30 Loom
58:20 Pikeman
59:05 Scale Mail Armor
59:16 Forging
64:49 Arbalester
66:07 Scale Barding Armor
66:22 Light Cavalry
67:12 Bloodlines
67:05 Husbandry
67:35 Chain Barding Armor
69:47 Two-Handed Swordsman
71:12 Iron Casting
70:52 Chain Mail Armor
71:13 Plate Barding Armor
70:41 Champion
74:19 Blast Furnace
73:58 Plate Mail Armor
84:54 Capped Ram
91:00 Halberdier
Rigby
9:55 Feudal Age
10:32 Horse Collar
12:50 Town Watch
12:56 Man-at-Arms
23:44 Gold Mining
24:20 Double-Bit Axe
26:15 Fishing Lines
36:05 Castle Age
35:48 Stone Mining
36:39 Wheelbarrow
35:50 Loom
36:29 Bloodlines
42:01 Bow Saw
43:15 Caravan
46:37 Stone Shaft Mining
46:42 Gold Shaft Mining
50:54 Scale Barding Armor
50:49 Padded Archer Armor
53:25 Chain Barding Armor
53:06 Scale Mail Armor
53:21 Leather Archer Armor
53:18 Forging
52:58 Fletching
60:00 Imperial Age
61:03 Hand Cart
61:50 Pikeman
62:30 Squires
64:24 Town Patrol
67:07 Chain Mail Armor
67:28 Iron Casting
87:16 Heavy Scorpion
Le_HollowSette
10:14 Feudal Age
11:34 Double-Bit Axe
12:39 Gold Mining
14:00 Horse Collar
18:45 Forging
21:58 Castle Age
20:22 Stone Mining
21:47 Fletching
21:59 Padded Archer Armor
23:27 Bodkin Arrow
23:58 Man-at-Arms
26:49 Wheelbarrow
28:13 Hand Cart
29:15 Heavy Plow
31:00 Stone Shaft Mining
30:51 Bow Saw
35:35 Imperial Age
34:51 Leather Archer Armor
36:18 Squires
37:28 Two-Man Saw
37:02 Crop Rotation
36:48 Bracer
37:19 Ring Archer Armor
36:45 Loom
37:45 Elite Genoese Crossbowman
42:42 Iron Casting
42:08 Scale Mail Armor
43:29 Pirotechnia
44:42 Blast Furnace
45:44 Thumb Ring
45:52 Thumb Ring
46:43 Chain Mail Armor
45:56 Onager
48:12 Chemistry
47:33 Ballistics
77:12 Plate Mail Armor
76:48 Scale Barding Armor
Connection lost

Rejoining the realm…

Still unreachable

The connection could not be restored.

Session expired

The server has moved on; the page needs a fresh start.